 Dungeon Crawl Stone Soup version 0.28.0-53-g5a82cb258f (webtiles) character file.

Game seed: 15849661146720936636

126 quixfox the Chopper (level 5, -7/47 HPs)
             Began as a Hill Orc Fighter on July 9, 2022.
             Killed by nerve-wracking pain
             ... invoked by Grinder
              (9 damage)
             ... on level 3 of the Dungeon.
             The game lasted 00:03:12 (2466 turns).

quixfox the Chopper (Hill Orc Fighter)              Turns: 2466, Time: 00:03:12

Health: -7/47      AC:  7    Str: 21    XL:     5   Next: 10%
Magic:  5/5        EV:  8    Int:  8    God:
Gold:   134        SH:  8    Dex: 10    Spells: 4/4 levels left

rFire   . . .      SeeInvis .   a - +0 war axe
rCold   + . .      Faith    .   i - +0 kite shield
rNeg    . . .      Spirit   .   j - +2 ring mail {rC+}
rPois   .          Reflect  .   (no helmet)
rElec   .          Harm     .   (no cloak)
rCorr   .          Rampage  .   (no gloves)
Will    .....                   (no boots)
Stlth   ..........              (no amulet)
HPRegen 0.15/turn               (no ring)
MPRegen 0.09/turn               (no ring)

@: mighty
A: no striking features
a: no special abilities


You were on level 3 of the Dungeon.
You visited 1 branch of the dungeon, and saw 3 of its levels.

You collected 134 gold pieces.

Inventory:

Hand Weapons
 a - a +0 war axe (weapon)
Missiles
 p - 2 boomerangs (quivered)
Armour
 i - a +0 kite shield (worn)
 j - a +2 ring mail of cold resistance (worn)
Scrolls
 c - 2 scrolls of identify {unknown}
 e - a scroll of acquirement {unknown}
 f - a scroll of vulnerability {unknown}
 k - 2 scrolls of enchant weapon {unknown}
 l - a scroll of noise {unknown}
 m - a scroll of summoning {unknown}
 o - a scroll of teleportation {unknown}
Potions
 b - a potion of heal wounds
 g - a potion of curing {unknown}
 h - 2 potions of cancellation {unknown}
 n - a potion of brilliance {unknown}


   Skills:
 + Level 4.4 Fighting
 * Level 4.9 Axes
 + Level 4.0 Armour
 + Level 3.7 Shields


You had 4 spell levels left.
You didn't know any spells.
Your spell library contained the following spells:

 Spells                   Type           Power      Damage    Failure   Level
 Magic Dart               Conj           0%         1d3       91%         1
 Call Imp                 Summ           0%         N/A       97%         2
 Call Canine Familiar     Summ           0%         N/A       99%         3
 Confusing Touch          Hex            0%         N/A       99%         3
 Mephitic Cloud           Conj/Pois/Air  0%         N/A       99%         3
 Portal Projectile        Hex/Tloc       0%         N/A       99%         3
 Leda's Liquefaction      Hex/Erth       0%         N/A       100%        4
 Yara's Violent Unravell  Hex/Tmut       0%         3d3       100%        5
 Enfeeble                 Hex            0%         N/A       100%        7


Dungeon Overview and Level Annotations

Branches:
Dungeon (3/15)

Altars:

Annotations:
D:3 Grinder, Natasha


Message History

Grinder blinks!
You see here a jackal corpse.
Grinder closely misses you.
You closely miss Grinder. You block Grinder's attack.
You slash Grinder!
Grinder is heavily wounded.
Grinder hits you!
You barely miss Grinder.
Grinder is heavily wounded.
Grinder hits you.
You writhe in agony.
Natasha, Servant of Life and Death comes into view.
You block Grinder's attack.
Natasha hisses angrily.
You slash Grinder!
Grinder is severely wounded.
Grinder gestures at you. Pain shoots through your body!
You closely miss Grinder.
Grinder is severely wounded.
Natasha mumbles some strange words.
Grinder gestures at you. Pain shoots through your body!
* * * LOW HITPOINT WARNING * * *
Grinder drinks a potion.
Grinder is healed!
You closely miss Grinder.
Grinder is moderately wounded.
Grinder says, "Mostly I couldn't keep them alive."
Grinder hits you.
* * * LOW HITPOINT WARNING * * *
You barely miss Grinder.
Grinder is moderately wounded.
Grinder barely misses you.
Grinder says, "There's only one good use for a tongue: cutting it out."
Grinder hits you.
* * * LOW HITPOINT WARNING * * *
You slice Grinder!!
Grinder is severely wounded.
Grinder says, "You look like you could use a good racking."
Grinder gestures at you. Pain shoots through your body!
You die...

..... ..:#
...# ..# .5#
#h# #5# #@# #.
#.# #. #†# #.
#.# .##.#
..#.#######...
#.#....)......
#.#.######...#
#.#.# #


You could see Grinder, Natasha and a shadow imp (summoned).

Vanquished Creatures
  Natasha (D:3)
  An adder (D:2)
  A worm (D:2)
  4 dart slugs
  An orc (D:3)
  7 bats
  7 endoplasms
  3 giant cockroaches
  2 goblins
  A hobgoblin (D:1)
  11 jackals
  5 quokkas
  9 ball pythons
  6 frilled lizards
  13 kobolds
  4 rats
76 creatures vanquished.

Notes
Turn   | Place    | Note
-------+----------+-------------------------------------------
     0 | D:1      | quixfox the Hill Orc Fighter began the quest for the Orb.
     0 | D:1      | Reached XP level 1. HP: 19/19 MP: 1/1
    83 | D:1      | Reached XP level 2. HP: 25/27 MP: 2/2
   110 | D:1      | Found a faded altar of an unknown god.
   273 | D:1      | Reached XP level 3. HP: 33/33 MP: 3/3
  1419 | D:2      | Reached XP level 4. HP: 36/40 MP: 4/4
  2141 | D:3      | Noticed Natasha
  2165 | D:3      | Killed Natasha
  2166 | D:3      | Reached XP level 5. HP: 15/47 MP: 5/5
  2446 | D:3      | Noticed Grinder
  2461 | D:3      | Noticed Natasha
  2465 | D:3      | HP: 2/47 [Grinder (5)]
  2466 | D:3      | Killed from afar by Grinder

Illustrated notes

Levels and vault maps discovered:
D:1:      wander_arrival_chamber, layout_rooms, basic_ecumenical_altar
D:2:      minmay_razor_zed, layout_basic, grunt_decor_arrowhead,
          minmay_split_cup_small
D:3:      layout_basic, st_stairs_4, uniq_robin, uniq_crazy_yiuf_cottage,
          uniq_pargi, uniq_natasha, uniq_grinder

Skill      XL: |  1  2  3  4 |
---------------+-------------+-----
Axes           | 3 4 |  4.9
Fighting       | 4 |  4.4
Armour         | 4 |  4.0
Shields        | |  3.7

Action                   |  1- 3 |  4- 6 || total
-------------------------+-------+-------++-------
Melee: War axe           |   125 |   101 ||   226
  Use: Potion            |       |     1 ||     1
Armor: Scale mail        |    56 |       ||    56
       Ring mail         |    28 |    55 ||    83
Dodge: Dodged            |    53 |    30 ||    83
Block: Buckler           |    11 |       ||    11
       Kite shield       |    39 |    47 ||    86
